 Dungeon Crawl Stone Soup version 0.24-a0-521-g122614bf49 (webtiles) character file.

Game seed: 3646371192448349625

910 vurker the Ruffian (level 7, -6/68 HPs)
             Began as a Troll Hunter on July 28, 2019.
             Mangled by an ogre
             ... wielding a +0 giant club
              (17 damage)
             ... on level 6 of the Dungeon.
             The game lasted 00:06:57 (3988 turns).

vurker the Ruffian (Troll Hunter)                   Turns: 3988, Time: 00:06:57

Health: -6/68      AC:  8    Str: 23      XL:     7   Next: 81%
Magic:  7/7        EV: 10    Int:  7      God:
Gold:   251        SH:  0    Dex:  9 (10) Spells: 6/6 levels left

rFire    . . .     SeeInvis .     - Unarmed
rCold    + . .     Gourm    +   (no shield)
rNeg     . . .     Faith    .   k - +1 robe {MR+}
rPois    .         Spirit   .   (helmet restricted)
rElec    .         Reflect  .   o - +0 cloak (curse)
rCorr    .         Harm     .   (gloves unavailable)
MR       +....                  (boots unavailable)
Stlth    +.........             (no amulet)
HPRegen  0.61/turn              h - ring of protection from cold
MPRegen  0.10/turn              (no ring)

@: no status effects
A: large, unfitting armour, claws 3, fast metabolism 3, gourmand, regeneration
1, shaggy fur 1, tough skin 3
a: no special abilities


You were on level 6 of the Dungeon.
You were not hungry.

You visited 2 branches of the dungeon, and saw 7 of its levels.

You collected 251 gold pieces.

Inventory:

Missiles
 d - a throwing net
 q - 3 large rocks (quivered)
Armour
 k - a +1 robe of magic resistance (worn)
   (You took it off Sigmund on level 4 of the Dungeon)
 o - a cursed +0 cloak (worn)
   (You found it on level 2 of the Dungeon)
Jewellery
 h - a ring of protection from cold (left claw)
   (You found it on level 1 of the Dungeon)
Wands
 c - a wand of disintegration (7)
   (You found it on level 3 of the Dungeon)
Scrolls
 i - a scroll of immolation
 j - 4 scrolls of remove curse
 l - a scroll of fear
 m - a scroll of teleportation
 p - a scroll of fog
Potions
 a - a potion of flight {unknown}
 f - a potion of agility
 g - 4 potions of curing
 n - 2 potions of might
 r - a potion of heal wounds
Comestibles
 e - 17 rations


   Skills:
 + Level 3.7 Fighting
 + Level 5.2 Throwing
 - Level 1.5 Dodging
 - Level 0.3 Stealth
 * Level 5.7 Unarmed Combat
 + Level 2.2 Evocations


You had 6 spell levels left.
You didn't know any spells.
Your spell library contained the following spells:

 Spells                   Type           Power        Failure   Level  Hunger
 Cause Fear               Hex            #.........   99%         4    #####..
 Silence                  Hex/Air        #.........   100%        5    ######.
 Yara's Violent Unravell  Hex/Tmut       #.........   100%        5    ######.
 Deflect Missiles         Chrm/Air       #.........   100%        6    #######
 Discord                  Hex            #.........   100%        8    #######


Dungeon Overview and Level Annotations

Branches:
Dungeon (6/15)             Temple (1/1) D:4

Altars:
Ashenzari
Cheibriados
Dithmenos
Elyvilon
Fedhas
Gozag
Hepliaklqana
Kikubaaqudgha
Makhleb
Nemelex Xobeh
Okawaru
Qazlal
Ru
Sif Muna
Trog
Uskayaw
Vehumet
Wu Jian
Xom
Yredelemnul
Zin
The Shining One

Annotations:
D:5 1 runed translucent door, soark's ghost, novice SpAs


Innate Abilities, Weirdness & Mutations

You are too large for most types of armour.
You have claws for hands.
Your metabolism is lightning-fast.
You like to eat raw meat.
Your natural rate of healing is unusually fast.
You are covered in fur. (AC +1)
You have extremely tough skin. (AC +3)


Message History

There is a stone staircase leading up here.
You see here a scroll of amnesia.
You climb upwards.
There is a stone staircase leading down here.
Things that are here:
a +1 robe of magic resistance; a +0 scythe; a wand of random effects (12)
k - a +1 robe of magic resistance Wear which item? (? for menu, Esc to quit)
You start removing your armour.
You continue taking off your +0 robe. x4
You finish taking off your +0 robe.
You start putting on your armour.
You continue putting on your +1 robe of magic resistance. x5
You finish putting on your +1 robe of magic resistance.
You feel resistant to hostile enchantments.
Drop what? 18/52 slots (_ for help) (? for menu, Esc to quit)
You drop a +0 robe.
There is a staircase to the Ecumenical Temple here.
Things that are here:
a +0 robe; a +0 scythe; a wand of random effects (12)
There is a stone staircase leading down here.
You climb downwards.
Level annotation: 1 runed translucent door, soark's ghost, novice SpAs
There is a stone staircase leading up here.
There is a stone staircase leading down here.
You climb downwards.
There is a stone staircase leading up here.
Found 21 gold pieces.
An ogre comes into view. It is wielding a +0 giant club.
The ogre shouts!
An ogre is nearby!
The ogre hits you with a +0 giant club!!
You see here 21 gold pieces.
You scratch the ogre. The ogre hits you with a +0 giant club!
* * * LOW HITPOINT WARNING * * *
Throwing (i - inventory. (/) - cycle)
q - 5 large rocks (quivered)
Aim: an ogre, wielding a +0 giant club (lightly wounded)
You throw a large rock. The large rock hits the ogre.
The ogre hits you with a +0 giant club!
* * * LOW HITPOINT WARNING * * *
Throwing (i - inventory. (/) - cycle)
q - 4 large rocks (quivered)
Aim: an ogre, wielding a +0 giant club (lightly wounded)
You throw a large rock. The large rock barely misses the ogre.
The ogre hits you with a +0 giant club!
* * * LOW HITPOINT WARNING * * *
Aim: an ogre, wielding a +0 giant club (lightly wounded, chance to defeat MR: 74%)
The ogre is blasted!
The ogre hits you with a +0 giant club.
* * * LOW HITPOINT WARNING * * *
Aim: an ogre, wielding a +0 giant club (severely wounded, chance to defeat MR: 74%)
The ogre is blasted!
The ogre hits you with a +0 giant club!
You die...

#.. ..#
#..##..#
#..##..#
#......#
#......#
#......#
#......#
#......#
#..##@.#
######..##O.#
+........#..#
#........#..#
#...##...#..#
#...##...#..#
#.........#..#
#.........#(.#
##...##..## .#


You could see an ogre.

Vanquished Creatures
  Sigmund (D:4)
  An ice beast (D:5)
  A sky beast (D:5)
  An ogre (D:5)
  A centaur (D:5)
  2 crimson imps (D:5)
  A quasit (D:5)
  A hound (D:4)
  An orc priest (D:4)
  3 worker ants
  6 adders
  2 oozes
  2 worms
  4 dart slugs
  2 leopard geckos (D:2)
  9 orcs
  5 giant cockroaches
  5 goblins
  10 hobgoblins
  13 jackals
  12 kobolds
  2 quokkas
  A ball python (D:4)
  12 bats
  6 frilled lizards
  6 rats
110 creatures vanquished.

Notes
Turn   | Place    | Note
-------+----------+-------------------------------------------
     0 | D:1      | vurker the Troll Hunter began the quest for the Orb.
     0 | D:1      | Reached XP level 1. HP: 19/19 MP: 0/0
    58 | D:1      | Reached skill level 1 in Unarmed Combat
    61 | D:1      | Reached XP level 2. HP: 28/28 MP: 1/1
   393 | D:1      | Reached XP level 3. HP: 35/35 MP: 2/2
   929 | D:2      | Reached XP level 4. HP: 42/42 MP: 3/3
   962 | D:2      | Found a shadowy altar of Dithmenos.
  2024 | D:3      | Found a shattered altar of Ashenzari.
  2027 | D:3      | Found a burning altar of Makhleb.
  2030 | D:3      | Found a radiant altar of Vehumet.
  2039 | D:3      | Reached XP level 5. HP: 49/50 MP: 4/4
  2569 | D:4      | Noticed Sigmund
  2579 | D:4      | Reached XP level 6. HP: 14/59 MP: 5/5
  2590 | D:4      | Killed Sigmund
  2590 | D:4      | Reached skill level 1 in Evocations
  2674 | D:4      | Found a staircase to the Ecumenical Temple.
  2695 | Temple   | Entered the Ecumenical Temple
  2928 | D:4      | Found a bloodstained altar of Trog.
  3069 | D:5      | Entered Level 5 of the Dungeon
  3069 | D:5      | Noticed an ice beast
  3075 | D:5      | Killed an ice beast
  3075 | D:5      | Reached XP level 7. HP: 67/67 MP: 5/7
  3166 | D:5      | Reached skill level 5 in Throwing
  3166 | D:5      | Reached skill level 5 in Unarmed Combat
  3309 | D:5      | Found a runed translucent door.
  3310 | D:5      | Noticed soark's ghost (novice SpAs)
  3988 | D:6      | Mangled by an ogre

Levels and vault maps discovered:
D:1:      lemuel_arrival_rhombus, layout_basic, hangedman_abyss_or_decor_stabs,
          minmay_misc_feat_five, moated_statue, minmay_pentomino_o4
D:2:      layout_basic, overflow_temple_1_default
D:3:      layout_rooms, grunt_temple_overflow_diamond
D:4:      layout_loops_ring, minmay_temple_entry_sparse_star, nrook_campfire,
          trog_book, uniq_sigmund
D:5:      layout_basic, ebering_ghost_inner_flame, first_ration
D:6:      layout_gridville, st_stairs_13
Temple:   regret_index_temple_mists

Skill      XL: |  1  2  3  4  5  6  7 |
---------------+----------------------+-----
Unarmed Combat | 1 2 3 4 5 |  5.7
Fighting       | 2 3 |  3.7
Throwing       | 4 5 |  5.2
Evocations     | 1 2 |  2.2
Dodging        | |  1.5
Stealth        | |  0.3

Action                   |  1- 3 |  4- 6 |  7- 9 || total
-------------------------+-------+-------+-------++-------
Melee: Unarmed           |   119 |   165 |    52 ||   336
       Punch             |       |     1 |     1 ||     2
Throw: Large rock        |       |     5 |     2 ||     7
       Throwing net      |       |     2 |       ||     2
Evoke: Wand              |       |       |     2 ||     2
  Use: Potion            |       |     2 |       ||     2
       Scroll            |       |       |    11 ||    11
  Eat: Chunk             |    14 |    16 |     7 ||    37
Armor: Robe              |    59 |    84 |    27 ||   170
Dodge: Dodged            |    69 |    81 |    32 ||   182

Table legend:
 A = Non-vault XP
 B = Vault XP
 C = Vault XP percentage of total XP
 D = Non-vault monster count
 E = Vault monster count
 F = Vault count percentage of total count
                 A         B        C        D         E       F
            +---------+---------+-------+---------+---------+-------
      Total |    1089 |     212 |  16.3 |     106 |       4 |   3.6
            +---------+---------+-------+---------+---------+-------
        D:1 |      48 |       4 |   7.7 |      25 |       3 |  10.7
        D:2 |     100 |       0 |   0.0 |      29 |       0 |   0.0
        D:3 |      44 |       0 |   0.0 |      22 |       0 |   0.0
        D:4 |     192 |     208 |  52.0 |      17 |       1 |   5.6
        D:5 |     705 |       0 |   0.0 |      13 |       0 |   0.0
            +---------+---------+-------+---------+---------+-------
